 Dungeon Crawl Stone Soup version 0.28-a0-429-g1448048969 (webtiles) character file.

Game seed: 5796088330984845330

25 MacCMillion the Skirmisher (level 2, 24/24 HPs)
             Began as a Demonspawn Fighter on Sept 10, 2021.
             Quit the game on level 1 of the Dungeon.
             The game lasted 00:02:04 (760 turns).

MacCMillion the Skirmisher (Demonspawn Fighter)      Turns: 760, Time: 00:02:04

Health: 24/24      AC:  6    Str: 16    XL:     2   Next: 82%
Magic:  2/2        EV:  9    Int:  9    God:
Gold:   11         SH:  4    Dex: 12    Spells: 1/1 levels left

rFire   . . .      SeeInvis .   a - +0 trident
rCold   . . .      Faith    .   c - +0 buckler
rNeg    . . .      Spirit   .   b - +0 scale mail
rPois   .          Reflect  .   (no helmet)
rElec   .          Harm     .   (no cloak)
rCorr   .          Rampage  .   (no gloves)
Will    .....                   (no boots)
Stlth   ..........              (no amulet)
HPRegen 0.08/turn               (no ring)
MPRegen 0.08/turn               (no ring)

@: no status effects
A: claws 1
a: no special abilities


You were on level 1 of the Dungeon.
You visited 1 branch of the dungeon, and saw 2 of its levels.

You collected 11 gold pieces.

Inventory:

Hand Weapons
 a - a +0 trident (weapon)
Armour
 b - a +0 scale mail (worn)
 c - a +0 buckler (worn)
Scrolls
 e - a scroll of blinking {unknown}
 f - a scroll of torment {unknown}
Potions
 d - a potion of might
 g - a potion of degeneration {unknown}
 h - a potion of curing {unknown}


   Skills:
 + Level 3.2 Fighting
 + Level 2.1 Polearms
 + Level 3.0 Armour
 * Level 3.0 Shields


You had one spell level left.
You didn't know any spells.
Your spell library was empty.

Dungeon Overview and Level Annotations

Branches:
Dungeon (2/15)

Altars:


Innate Abilities, Weirdness & Mutations

You have sharp fingernails.


Message History

You hit the kobold.
You kill the kobold!
You hit the rat.
The rat is severely wounded.
The rat bites you.
You hit the rat.
You kill the rat!
Your Armour skill increases to level 3!
No target in view!
No target in view!
Things that are here:
a +0 club; a stone; a kobold corpse
Things that are here:
a +0 club; a stone; a kobold corpse You open the large door.
There is a large open door here.
There is a large open door here.
As you open the door, it creaks loudly!
There is an open door here.
You open the door.
There is an open door here.
You open the door.
Found an escape hatch in the floor.
There is an open door here.
You open the door.
There is an open door here.
You open the door.
There is an open door here.
h - a green potion
There is an open door here.
There is a large open door here.
There is a large open door here.
There is a stone staircase leading down here.
Key pressed, stopping explore.
Partly explored, can't reach some places.
Partly explored, can't reach some places.
Partly explored, can't reach some places.
Partly explored, can't reach some places.
There is a stone staircase leading down here.
Are you sure you want to abandon this character and quit the game? (Confirm with "yes".)

#...############..........#
##...#.........#..........#
#.#.#.....................
#.#...........#...........
#.#...........#...........
########.#.#...........###.......
#...............#.####.##........
#.###..###..#.#....###...........
#.#.#..#....#.#.@................
#.#.#..###..###.................[
#................#######..≈≈≈≈≈≈≈
#.###..###..###.########..≈######
#...#....#..#.#...........≈#..8#≈
#.###..###..#.#..#######..≈#...##
#................# #..≈#...'.
#.###..###..###..# #..≈#...##
#...#..#....#.#..# #..≈#8.8##


There were no monsters in sight!

Vanquished Creatures
  An adder (D:2)
  An adder zombie (D:1)
  A bat (D:1)
  An endoplasm (D:1)
  A goblin (D:1)
  A hobgoblin (D:1)
  A kobold (D:1)
  A quokka (D:1)
  A ball python (D:1)
  A frilled lizard (D:1)
  A quokka zombie (D:1)
  2 rats (D:1)
13 creatures vanquished.

Notes
Turn   | Place    | Note
-------+----------+-------------------------------------------
     0 | D:1      | MacCMillion the Demonspawn Fighter began the quest for the
                  | Orb.
     0 | D:1      | Reached XP level 1. HP: 18/18 MP: 1/1
    77 | D:2      | Gained mutation: You have sharp fingernails. [demonic
                  | ancestry]
    77 | D:2      | Reached XP level 2. HP: 24/24 MP: 2/2
   760 | D:1      | Quit the game

Illustrated notes

Levels and vault maps discovered:
D:1:      saegor_arrival_fortress, layout_rooms, hex_intersection,
          minmay_misc_feat_nine_boxes
D:2:      minmay_skewed_foursquare, layout_basic,
          hellmonk_ecumenical_altar_leap_of_faith, nicolae_underground_beach

Skill      XL: |  1  2 |
---------------+-------+-----
Polearms       | 2 |  2.1
Shields        | 3 |  3.0
Armour         | 3 |  3.0
Fighting       | |  3.2

Action                   || total
-------------------------++-------
Melee: Trident           ||    38
Armor: Scale mail        ||     9
Dodge: Dodged            ||     9
Block: Buckler           ||     6

Table legend: (Time is in decaauts)
 A = Elapsed time spent in this place.
 B = Non-inter-level travel time spent in this place.
 C = Inter-level travel time spent in this place.
 D = Time resting spent in this place.
 E = Time spent auto-exploring this place.
 F = Levels seen in this place.
 G = Mean time per level.
                   A        B        C        D        E       F      G
               +--------+--------+--------+--------+--------+-----+--------+
         Total |    768 |    751 |     17 |      0 |    654 |   2 |  384.0 |
       Dungeon |    768 |    751 |     17 |      0 |    654 |   2 |  384.0 |
               +--------+--------+--------+--------+--------+-----+--------+

Top non-repeatable levels by time:
     D:1: 750 daAuts
     D:2: 18 daAuts
